 Dungeon Crawl Stone Soup version 0.30-a0-1160-g6e42c06551 (webtiles) character file.

Game seed: 3169347032919695590

24778 snarfax the Cleaver (level 13, -2/88 HPs)
             Began as a Gargoyle Gladiator on Apr 25, 2023.
             Was an Initiate of Jiyva.
             Slain by a merfolk
             ... wielding a +0 trident
              (12 damage)
             ... on level 1 of the Shoals.
             The game lasted 00:31:14 (12375 turns).

snarfax the Cleaver (Gargoyle Gladiator)           Turns: 12375, Time: 00:31:15

Health: -2/88      AC: 30    Str: 22    XL:     13   Next: 15%
Magic:  0/13       EV:  5    Int: 10    God:    Jiyva [......]
Gold:   752        SH: 12    Dex: 11    Spells: 12/12 levels left

rFire   + + .        v - +2 war axe (elec)
rCold   x . .        H - +1 kite shield
rNeg    + . .        P - +6 plate armour of the Evening Star {rF+}
rPois   ∞            U - +2 helmet {SInv}
rElec   +            n - +0 cloak
rCorr   .            (no gloves)
SInv    +            Q - +0 pair of boots
Will    .....        x - amulet of guardian spirit Stlth
                     p - ring of fire
HPRegen 0.34/turn    E - +4 ring of slaying
MPRegen 0.13/turn

%: guardian spirit
@: spiked
A: sickness immunity, AC +9, negative energy resistance 1, electricity
resistance, torment resistance 1, petrification resistance
a: Renounce Religion


You were on level 1 of the Shoals.
You worshipped Jiyva.
Jiyva was noncommittal.
You visited 3 branches of the dungeon, and saw 15 of its levels.
You also visited: Bailey and Volcano.

You collected 1592 gold pieces.
You spent 840 gold pieces at shops.

Inventory:

Hand Weapons
 q - a +1 heavy trident
 v - a +2 war axe of electrocution (weapon)
 O - a +2 long sword of holy wrath
Missiles
 e - 5 javelins (quivered)
 r - 4 atropa-tipped darts
 w - 16 poisoned darts
 L - 5 silver javelins
Armour
 f - a +1 ring mail of fire resistance
 n - a +0 cloak (worn)
 H - a +1 kite shield (worn)
 P - the +6 plate armour of the Evening Star (worn) {rF+}
   (You bought it in a shop on level 7 of the Dungeon)

   rF:        It protects you from fire.
 Q - a +0 pair of boots (worn)
 U - a +2 helmet of see invisible (worn)
 V - a +2 plate armour of willpower
 W - a +2 plate armour of cold resistance
Jewellery
 d - a +4 ring of protection
 g - a +6 ring of strength
 j - a +6 ring of dexterity
 p - a ring of fire (left hand)
 u - a +5 ring of evasion
 x - an amulet of guardian spirit (around neck)
 B - a ring of positive energy
 E - a +4 ring of slaying (right hand)
 I - a ring of protection from cold
Wands
 c - a wand of iceblast (1)
 A - a wand of flame (24)
 C - a wand of polymorph (12)
 F - a wand of quicksilver (5)
 N - a wand of digging (5)
 Z - a wand of charming (7)
Scrolls
 a - a scroll of acquirement
 h - a scroll of poison
 i - 6 scrolls of fog
 k - 2 scrolls of amnesia
 o - a scroll of fear
 y - 3 scrolls of teleportation
 K - a scroll of blinking
Potions
 b - 2 potions of ambrosia
 l - 6 potions of curing
 s - a potion of flight
 t - 5 potions of heal wounds
 z - 4 potions of mutation
 D - a potion of lignification
 G - 2 potions of cancellation
 M - 2 potions of brilliance
 S - 2 potions of haste
 X - a potion of magic {unknown}


   Skills:
 + Level 13.1 Fighting
 + Level 14.9 Axes
 - Level 1.7 Throwing
 - Level 2.4 Dodging
 - Level 10.0 Shields


You had 12 spell levels left.
You didn't know any spells.
Your spell library contained the following spells:

 Spells                   Type           Power      Damage    Failure   Level
 Apportation              Tloc           0%         N/A       100%        1
 Beastly Appendage        Tmut           0%         N/A       100%        1
 Foxfire                  Conj/Fire      0%         2x1d4     100%        1
 Necrotise                Necr           0%         1d4       100%        1
 Shock                    Conj/Air       0%         1d3       100%        1
 Sting                    Tmut/Pois      0%         1d3       100%        1
 Summon Small Mammal      Summ           0%         N/A       100%        1
 Poisonous Vapours        Pois/Air       0%         N/A       100%        2
 Wereblood                Tmut           0%         N/A       100%        2
 Call Canine Familiar     Summ           0%         N/A       100%        3
 Inner Flame              Hex/Fire       0%         N/A       100%        3
 Spider Form              Tmut/Pois      0%         N/A       100%        3
 Summon Guardian Golem    Hex/Summ       0%         N/A       100%        3
 Swiftness                Air            0%         N/A       100%        3
 Vampiric Draining        Necr           0%         2d6       100%        3
 Vhi's Electric Charge    Tloc/Air       0%         N/A       100%        3
 Airstrike                Air            0%         2d(0-16)  100%        4
 Olgreb's Toxic Radiance  Pois           0%         N/A       100%        4
 Agony                    Necr           0%         N/A       100%        5
 Alistair's Intoxication  Tmut/Pois      0%         N/A       100%        5
 Arcjolt                  Conj/Air       0%         1d10      100%        5
 Plasma Beam              Fire/Air       0%         2x1d11    100%        6
 Cigotuvi's Dreadful Rot  Necr/Pois/Air  Unusable   N/A       N/A         2

Dungeon Overview and Level Annotations

Branches:
Dungeon (10/15)            Temple (0/1) D:6            Lair (4/5) D:8
 Shoals (1/4) Lair:2       Spider (0/4) Lair:3        Slime (0/5) Lair:4
    Orc (0/2) D:9          Bailey (visited)         Volcano (visited)

Altars:
Hepliaklqana
Nemelex Xobeh
Trog
Uskayaw
Jiyva

Shops:
D:5 (   D:7 **

Annotations:
Shoals:1 exclusion: obsidian statue


Innate Abilities, Weirdness & Mutations

You are immune to sickness and miasma.
Your stone body is resilient. (AC +9)
You are immune to poison.
You resist negative energy. (rN+)
You are resistant to electric shocks. (rElec)
You are resistant to unholy torment.
You are immune to petrification.


Message History

You closely miss the merfolk.
The merfolk is lightly wounded.
You hit the manticore.
Lightning courses through the manticore!!
The wind drake flaps its wings at you. The air twists around and strikes you!
The merfolk hits you but does no damage.
The manticore bites you but does no damage.
The manticore claws you but does no damage.
The manticore barely misses you.
You slash the merfolk!
The merfolk is moderately wounded.
You closely miss the manticore. The wind drake flaps its wings at you.
The air twists around and strikes you. You block the orange demon's attack.
The merfolk hits you but does no damage.
You block the manticore's attack. The manticore claws you.
The manticore claws you but does no damage.
You closely miss the merfolk.
The merfolk is moderately wounded.
You slash the manticore! You hit the chaos spawn.
The orange demon stings you but does no damage.
The merfolk hits you with a +0 trident!!
Unknown command.
You slash the merfolk! Lightning courses through the merfolk!
The merfolk is severely wounded.
You slash the chaos spawn!
You kill the chaos spawn!
The chaos spawn degenerates into a cloud of primal chaos!
You hit the manticore.
Lightning courses through the manticore!
The manticore bites you!
* * * LOW HITPOINT WARNING * * *
The manticore claws you but does no damage.
The manticore claws you!
* * * LOW HITPOINT WARNING * * *
The orange demon stings you from afar.
* * * LOW HITPOINT WARNING * * *
The merfolk hits you with a +0 trident!
You die...

.........#.##.....~
...........#.....~~
........k........~~
.)...............~~
~~~~......?......~~
........4.......~≈≈
.......~4####..~≈≈≈
~~~...~~kH#...~~≈≈≈
.~~~.~~~~m@..~~~≈≈≈
~~~..~~~~§...~~~~≈≈
....~~~~.....~~~≈≈≈
##.~~~~..###..~≈≈≈
##~..~~.# ..~~≈≈
##.~~~.. .~~~≈~
##~~~.. ~~~~~~
..~~~ ~≈≈


You could see a wind drake (repels missiles), a merfolk, an orange demon
(summoned), a manticore and a hellwing (summoned).

Vanquished Creatures
  A fire dragon (Volcano)
  3 hydras (Lair:2)
  A catoblepas (Lair:1)
  A two-headed ogre (D:8)
  8 death yaks
  A lindwurm (Volcano)
  An orc knight (Bailey)
  A deep elf pyromancer (Bailey)
  An ugly thing (D:9)
  2 black mambas
  4 cane toads
  A gargoyle (D:9)
  A kobold demonologist (D:8)
  4 komodo dragons
  3 rime drakes
  3 polar bears (Lair:4)
  A troll (D:8)
  3 hornets
  A snapping turtle (Lair:2)
  Sigmund (D:2)
  4 slime creatures (D:10)
  A culicivora (Lair:3)
  2 wyverns
  A basilisk (Lair:1)
  10 yaks
  3 steam dragons
  A vampire mosquito (D:9)
  Menkaure (D:7)
  6 water moccasins
  3 hell hounds (Volcano)
  An ice beast (D:7)
  7 orc warriors
  4 black bears
  A sky beast (D:7)
  4 ogres
  A boggart (D:9)
  3 wolves (D:8)
  A centaur (D:6)
  A kobold brigand (D:6)
  7 bullfrogs
  4 scorpions
  A gnoll sergeant (D:8)
  4 wights (D:10)
  5 killer bees
  4 electric eels
  3 howler monkeys
  11 hounds
  4 jellies
  6 orc priests
  Crazy Yiuf (D:2)
  12 orc wizards
  2 sleepcaps
  3 iguanas
  Ijyb (D:5)
  6 gnolls
  11 adders
  A white imp (D:7)
  An ufetubus (D:6)
  3 worms
  4 dart slugs
  40 orcs
  6 bats
  7 endoplasms
  6 giant cockroaches
  12 goblins
  2 hobgoblins
  13 kobolds
  3 quokkas
  8 ball pythons
  A frilled lizard (D:1)
  8 rats
297 creatures vanquished.

Vanquished Creatures (others)
  A floating eye (Lair:4)
  A jelly (Lair:4)
  6 fungi
  5 plants
13 creatures vanquished.

Grand Total: 310 creatures vanquished

Notes
Turn   | Place    | Note
-------+----------+-------------------------------------------
     0 | D:1      | snarfax the Gargoyle Gladiator began the quest for the Orb.
     0 | D:1      | Reached XP level 1. HP: 12/12 MP: 1/1
   127 | D:1      | Reached skill level 3 in Axes
   268 | D:1      | Reached XP level 2. HP: 16/17 MP: 2/2
   480 | D:1      | Reached XP level 3. HP: 21/21 MP: 3/3
   988 | D:2      | Noticed Sigmund
  1136 | D:2      | Killed Sigmund
  1137 | D:2      | Reached skill level 5 in Axes
  1137 | D:2      | Reached XP level 4. HP: 5/26 MP: 4/4
  1137 | D:2      | Reached XP level 5. HP: 6/30 MP: 5/5
  1726 | D:2      | Found a runed translucent door.
  1727 | D:2      | Noticed Crazy Yiuf
  1732 | D:2      | Identified a scroll of acquirement
  1732 | D:2      | Acquired 677 gold pieces
  1751 | D:2      | Killed Crazy Yiuf
  1752 | D:2      | Reached skill level 6 in Axes
  1752 | D:2      | Reached XP level 6. HP: 7/35 MP: 6/6
  3046 | D:4      | Reached skill level 7 in Axes
  3116 | D:4      | Reached XP level 7. HP: 40/40 MP: 7/7
  3254 | D:4      | Found a bloodstained altar of Trog.
  3262 | D:4      | Found a hazy altar of Hepliaklqana.
  3527 | D:4      | Reached skill level 8 in Axes
  4111 | D:5      | Entered Level 5 of the Dungeon
  4111 | D:5      | Noticed Ijyb
  4112 | D:5      | Found Rowkaps's Antique Weapon Shop.
  4115 | D:5      | Killed Ijyb
  4117 | D:5      | Reached XP level 8. HP: 39/44 MP: 5/8
  4221 | D:5      | Reached skill level 9 in Axes
  4490 | D:5      | Reached skill level 10 in Axes
  4867 | D:6      | Reached XP level 9. HP: 42/48 MP: 9/9
  5184 | D:6      | Got the Atlas of the Hot Queen Bee
  5243 | D:6      | Found a staircase to the Ecumenical Temple.
  5420 | D:7      | Reached skill level 11 in Axes
  5505 | D:7      | Reached skill level 1 in Shields
  5622 | D:7      | Noticed Menkaure
  5625 | D:7      | Killed Menkaure
  5811 | D:7      | Reached skill level 5 in Fighting
  5938 | D:7      | Found Diges's General Store.
  5940 | D:7      | Found Qutergh's Specific Store.
  5948 | D:7      | Bought a scroll of teleportation for 36 gold pieces
  5948 | D:7      | Bought the +6 plate armour of the Evening Star {rF+} for
                  | 804 gold pieces
  6224 | D:8      | Noticed a troll
  6259 | D:8      | Killed a troll
  6260 | D:8      | Reached XP level 10. HP: 35/60 MP: 5/10
  6306 | D:8      | Found a staircase to the Lair.
  6306 | D:8      | Noticed a two-headed ogre
  6489 | D:8      | Killed a two-headed ogre
  6493 | D:8      | Noticed a kobold demonologist
  6497 | D:8      | Noticed a smoke demon
  6504 | D:8      | Killed a kobold demonologist
  6505 | D:8      | Reached skill level 5 in Shields
  6999 | D:9      | Noticed a gargoyle
  7004 | D:9      | Killed a gargoyle
  7005 | D:9      | Reached skill level 12 in Axes
  7027 | D:9      | Noticed a cyan ugly thing
  7050 | D:9      | Killed a cyan ugly thing
  7068 | D:9      | Identified the staff of cold "Ykamir" {rC+ rCorr Str+7
                  | Int-2 Dex-4}
  7382 | D:9      | Reached XP level 11. HP: 68/68 MP: 11/11
  7722 | D:9      | Found a hide-covered altar of Uskayaw.
  7723 | D:9      | Found a sparkling altar of Nemelex Xobeh.
  8080 | D:9      | Found a staircase to the Orcish Mines.
  8112 | D:10     | Entered Level 10 of the Dungeon
  8136 | D:10     | Found a flagged portal.
  8145 | Bailey   | Entered a bailey
  8267 | Bailey   | Noticed an orc knight
  8282 | Bailey   | Killed an orc knight
  8362 | Bailey   | Found a large runed translucent door.
  8362 | Bailey   | Found a large runed translucent door.
  8363 | Bailey   | Noticed a deep elf pyromancer
  8451 | Bailey   | Killed a deep elf pyromancer
  8705 | D:10     | Identified the +7 rapier "Nintukee" {heavy, Fly}
  8903 | Lair:1   | Entered Level 1 of the Lair of Beasts
  8982 | Lair:1   | Noticed a catoblepas
  8995 | Lair:1   | Killed a catoblepas
  8996 | Lair:1   | Reached skill level 13 in Axes
  9291 | Lair:1   | Noticed a death yak
  9291 | Lair:1   | Noticed a death yak
  9293 | Lair:1   | Noticed a death yak
  9295 | Lair:1   | Noticed a death yak
  9296 | Lair:1   | Noticed a death yak
  9298 | Lair:1   | Killed a death yak
  9304 | Lair:1   | Killed a death yak
  9305 | Lair:1   | Reached skill level 10 in Fighting
  9307 | Lair:1   | Killed a death yak
  9311 | Lair:1   | Killed a death yak
  9312 | Lair:1   | Reached XP level 12. HP: 50/78 MP: 7/12
  9314 | Lair:1   | Killed a death yak
 10022 | Lair:2   | Noticed a five-headed hydra
 10036 | Lair:2   | Killed a five-headed hydra
 10183 | Lair:2   | Reached skill level 10 in Shields
 10252 | Lair:2   | Noticed a four-headed hydra
 10265 | Lair:2   | Killed a four-headed hydra
 10642 | Lair:2   | Noticed an eight-headed hydra
 10647 | Lair:2   | Killed an eight-headed hydra
 10796 | Lair:2   | Found a staircase to the Shoals.
 10911 | Lair:3   | Noticed a death yak
 10918 | Lair:3   | Noticed a death yak
 10920 | Lair:3   | Noticed a death yak
 10923 | Lair:3   | Reached skill level 14 in Axes
 10929 | Lair:3   | Killed a death yak
 10940 | Lair:3   | Killed a death yak
 10940 | Lair:3   | Killed a death yak
 10998 | Lair:3   | Identified the +0 chain mail of the Centipede {rC+ Dex+3}
 11583 | Lair:3   | Found a hole to the Spider Nest.
 11743 | Lair:4   | Found a dark tunnel.
 11774 | Volcano  | Entered a volcano
 11858 | Volcano  | Reached XP level 13. HP: 65/87 MP: 10/13
 11938 | Volcano  | Noticed a fire dragon
 11958 | Volcano  | Killed a fire dragon
 12127 | Lair:4   | Found a staircase to the Slime Pits.
 12128 | Lair:4   | Found a viscous altar of Jiyva.
 12136 | Lair:4   | Became a worshipper of Jiyva Jeod the Shapeless
 12356 | Shoals:1 | Entered Level 1 of the Shoals
 12375 | Shoals:1 | Slain by a merfolk

Illustrated notes

Levels and vault maps discovered:
D:1:      amcnicky_arrival_double_pillar, layout_loops_ring
D:2:      layout_rooms, uniq_sigmund, uniq_crazy_yiuf_cottage
D:3:      layout_loops_corners, hellmonk_no_cap
D:4:      nicolae_cairo_tiling_large_dashed, layout_layer_cave,
          jmf_multi_god_temple
D:5:      layout_loops_cross, serial_shops, shop, uniq_ijyb
D:6:      layout_cave_pods, minmay_temple_entry_glass, minmay_bent, uniq_pikel
D:7:      layout_basic, nicolae_specific_store, nrook_loot_triangle,
          uniq_menkaure
D:8:      layout_basic, mainiacjoe_overflow_catwalk_spiral, erik_lair_island
D:9:      layout_gridville, gammafunk_temple_overflow_statue, erik_orc_1,
          minmay_diamond_spiral
D:10:     layout_rooms, enter_bailey_6
Lair:1:   layout_misc_corridors, amcnicky_mini_pool_medium, grunt_megastairs_4
Lair:2:   layout_chaotic_city, minmay_shoals_entry_hut
Lair:3:   layout_layer_cave, hellmonk_spider_entry_life_and_decay
Lair:4:   layout_gridlike, minmay_slime_entry_eyes,
          nicolae_volcano_entry_two_sided, beast_lair_carwin_2,
          lemuel_fruit_fields
Shoals:1: layout_shoals, dpeg_stationary_puzzle

Skill      XL: |  1  2  3  4  5  6  7  8  9 10 11 12 13 |
---------------+----------------------------------------+-----
Axes           | 3 5 6 7 8 10 11 12 13 14 | 14.9
Fighting       | 5 8 10 12 13 | 13.1
Shields        | 4 7 9 10 | 10.0
Throwing       | |  1.7
Dodging        | |  2.4

Action                     |  1- 3 |  4- 6 |  7- 9 | 10-12 | 13-15 || total
---------------------------+-------+-------+-------+-------+-------++-------
  Melee: War axe           |    71 |   146 |   218 |   491 |    51 ||   977
         Punch             |       |     2 |     3 |       |       ||     5
         Trident           |       |       |       |    23 |       ||    23
  Throw: Throwing net      |     3 |       |     1 |       |       ||     4
         Dart              |       |       |     5 |    10 |       ||    15
         Javelin           |       |       |     3 |     3 |       ||     6
  Evoke: Wand              |       |       |       |     3 |     1 ||     4
    Use: Scroll            |     5 |     3 |     7 |    14 |       ||    29
         Potion            |       |     1 |       |     2 |       ||     3
   Stab: Sleeping          |     3 |       |       |       |       ||     3
 Armour: Leather armour    |    32 |     6 |       |       |       ||    38
         Scale mail        |       |    70 |    72 |       |       ||   142
         Plate armour      |       |       |    52 |   351 |    55 ||   458
  Dodge: Dodged            |    42 |    76 |    85 |   115 |    11 ||   329
  Block: Kite shield       |       |       |    36 |   275 |    27 ||   338

Table legend: (Time is in decaauts)
 A = Elapsed time spent in this place.
 B = Non-inter-level travel time spent in this place.
 C = Inter-level travel time spent in this place.
 D = Time resting spent in this place.
 E = Time spent auto-exploring this place.
 F = Levels seen in this place.
 G = Mean time per level.
                   A        B        C        D        E       F      G
               +--------+--------+--------+--------+--------+-----+--------+
         Total |  12409 |  11906 |    503 |    561 |   8787 |  17 |  729.9 |
       Dungeon |   8560 |   8269 |    291 |    561 |   5880 |  10 |  856.0 |
          Lair |   3134 |   2923 |    211 |      0 |   2473 |   4 |  783.5 |
        Shoals |     17 |     17 |      0 |      0 |      0 |   1 |   17.0 |
        Bailey |    387 |    387 |      0 |      0 |    243 |   1 |  387.0 |
       Volcano |    308 |    308 |      0 |      0 |    190 |   1 |  308.0 |
               +--------+--------+--------+--------+--------+-----+--------+

Top non-repeatable levels by time:
     D:9: 1230 daAuts
     D:3: 1113 daAuts
     D:1: 1100 daAuts
     D:4: 1080 daAuts
  Lair:1: 1000 daAuts
  Lair:2: 997 daAuts
     D:7: 905 daAuts
     D:2: 860 daAuts
  Lair:3: 835 daAuts
     D:5: 730 daAuts
     D:8: 668 daAuts
     D:6: 547 daAuts
  Bailey: 387 daAuts
    D:10: 322 daAuts
 Volcano: 308 daAuts
